 Dungeon Crawl Stone Soup version 0.26-a0-200-g62faa89a7e (webtiles) character file.

Game seed: 3683243344587442781

364 Gargoyl the Skirmisher (level 6, -8/56 HPs)
             Began as a Centaur Abyssal Knight on July 5, 2020.
             Was a Follower of Lugonu.
             Killed by nerve-wracking pain
             ... invoked by an orc priest
              (11 damage)
             ... on level 3 of the Dungeon.
             The game lasted 00:04:14 (2669 turns).

Gargoyl the Skirmisher (Centaur Abyssal Knight)     Turns: 2669, Time: 00:04:15

Health: -8/56      AC: 12    Str: 14    XL:     6   Next: 39%
Magic:  8/8        EV:  7    Int: 11    God:    Lugonu [*.....]
Gold:   141        SH:  0    Dex: 11    Spells: 5/5 levels left

rFire    . . .     SeeInvis +   a - +1 hand axe
rCold    . . .     Faith    .   (no shield)
rNeg     . . .     Spirit   .   m - +4 scale mail
rPois    .         Reflect  .   f - +1 helmet
rElec    .         Harm     .   (no cloak)
rCorr    .                      (no gloves)
MR       .....                  (no barding)
Stlth    ..........             (no amulet)
HPRegen  0.18/turn              b - ring of see invisible
MPRegen  0.11/turn              (no ring)

@: very quick
A: large, hooves 3, deformed body, speed 2, tough skin 3
a: Depart the Abyss, Renounce Religion


You were on level 3 of the Dungeon.
You worshipped Lugonu.
Lugonu was aware of your devotion.
You were not hungry.

You visited 1 branch of the dungeon, and saw 4 of its levels.
You visited the Abyss 1 time.

You collected 141 gold pieces.

Inventory:

Hand Weapons
 a - a +1 hand axe (weapon)
Armour
 f - a +1 helmet (worn)
 m - a +4 scale mail (worn)
Jewellery
 b - a ring of see invisible (left hand)
Wands
 t - a wand of random effects (22)
Scrolls
 j - 2 scrolls of remove curse
 k - 3 scrolls of teleportation
 q - a scroll of identify
 u - 3 scrolls of fear
Potions
 e - 2 potions of flight
 g - 3 potions of curing {unknown}
 h - 3 potions of might {unknown}
 i - a potion of haste {unknown}
 l - a potion of brilliance {unknown}
 n - a potion of berserk rage {unknown}
 p - a potion of mutation {unknown}
 s - a potion of lignification {unknown}
Comestibles
 c - 5 rations
 d - a chunk of flesh


   Skills:
 + Level 5.5 Fighting
 + Level 2.8 Axes
 * Level 2.5 Armour
 * Level 1.0 Dodging
 * Level 3.0 Invocations


You had 5 spell levels left.
You didn't know any spells.
Your spell library was empty.

Dungeon Overview and Level Annotations

Branches:
Dungeon (4/15)
 Temple: D:4-7

Altars:
Elyvilon
Ru
Vehumet


Innate Abilities, Weirdness & Mutations

You have hooves in place of feet.
Armour fits poorly on your strangely shaped body.
You cover ground very quickly.
You have extremely tough skin. (AC +3)


Message History

The orc priest invokes the aid of Beogh against you.
Beogh smites you!
The orc priest hits you with a +0 dagger.
Unknown command.
You hit the orc priest but do no damage.
Your kick misses the orc priest.
The orc priest is lightly wounded.
You barely miss the orc priest.
The orc priest invokes the aid of Beogh against you.
Pain shoots through your body!
* * * LOW HITPOINT WARNING * * *
The orc priest invokes the aid of Beogh against you.
Beogh smites you!
* * * LOW HITPOINT WARNING * * *
You hit the orc priest.
The orc priest is heavily wounded.
You closely miss the orc priest.
The orc priest mumbles some strange prayers to Beogh against you.
Pain shoots through your body!
You die...

....[.# #..............######
#.# #####)# ###.####..#.##.# #.#
# #.# #.####.(...#.# #.. #.###
#............# ### #...#
########...### # #######.# #...#
#### ...# #.# #...# #... ...#
#.# #######...####### #.##
...####.####....@o.........###.#
.<...............o.............#
...###..#.##...................#
...#
#..#.##.#####...######.#..##
...# #....##.# #...# #.#....
#### #.#...#.# #...# #.#....
######.......# #...######.#.##.
.....#.......# #.......##.#.##.
####.##.....## #...###.##......


You could see 2 orc priests.

Vanquished Creatures
  3 adders
  3 worms
  A dart slug (D:2)
  5 orcs (D:3)
  6 bats
  A giant cockroach (D:1)
  4 goblins
  4 hobgoblins
  A quokka (D:2)
  6 frilled lizards
  3 kobolds
  6 rats
43 creatures vanquished.

Vanquished Creatures (collateral kills)
  A large abomination (Abyss:4)
1 creature vanquished.

Vanquished Creatures (others)
  7 starspawn tentacles (Abyss:4)
7 creatures vanquished.

Grand Total: 51 creatures vanquished

Notes
Turn   | Place    | Note
-------+----------+-------------------------------------------
     0 | Abyss:1  | Gargoyl the Centaur Abyssal Knight began the quest for the
                  | Orb.
     0 | Abyss:1  | Reached XP level 1. HP: 19/19 MP: 2/2
     7 | Abyss:1  | Found a corrupted altar of Lugonu.
    50 | Abyss:2  | Found a corrupted altar of Lugonu.
    56 | Abyss:2  | Noticed a rust devil
   150 | Abyss:2  | Noticed an ancient zyme
   193 | Abyss:4  | Noticed a large abomination
   216 | Abyss:4  | Killed a large abomination
   216 | Abyss:4  | Reached skill level 5 in Fighting
   216 | Abyss:4  | Reached XP level 2. HP: 27/29 MP: 4/4
   216 | Abyss:4  | Reached XP level 3. HP: 33/36 MP: 5/5
   216 | Abyss:4  | Reached XP level 4. HP: 39/42 MP: 6/6
   216 | Abyss:4  | Reached XP level 5. HP: 44/48 MP: 7/7
   216 | Abyss:4  | Reached XP level 6. HP: 52/56 MP: 8/8
   238 | Abyss:4  | Noticed a tentacled starspawn
   245 | Abyss:4  | Noticed a worldbinder
   258 | Abyss:4  | Noticed a spatial vortex
   258 | Abyss:4  | Noticed a spatial maelstrom
   260 | Abyss:4  | Noticed a spatial vortex
   260 | Abyss:4  | Noticed a spatial vortex
   260 | Abyss:4  | Noticed a spatial vortex
   261 | Abyss:4  | Noticed a spatial vortex
   262 | D:1      | Escaped the Abyss
   731 | D:1      | Reached * piety under Lugonu
   731 | D:1      | Reached skill level 1 in Dodging
  1930 | D:3      | Found a white marble altar of Elyvilon.
  1930 | D:3      | Found a radiant altar of Vehumet.
  1930 | D:3      | Found a sacrificial altar of Ru.
  2669 | D:3      | Killed from afar by an orc priest

Illustrated notes

Levels and vault maps discovered:
D:1:      minmay_arrival_doors, layout_rooms
D:2:      layout_loops_ring, serial_bayou_lake_a
D:3:      layout_loops_cross, chequers_temple_overflow_statue_of_worship
D:4:      lemuel_upstairs_altar, layout_gridville

Skill      XL: |  1  2  3  4  5  6 |
---------------+-------------------+-----
Fighting       | 5 |  5.5
Axes           | 2 |  2.8
Armour         | 2 |  2.5
Dodging        | 1 |  1.0
Invocations    | 3 |  3.0

Action                   |  1- 3 |  4- 6 || total
-------------------------+-------+-------++-------
Melee: Hand axe          |       |   128 ||   128
       Kick              |       |    24 ||    24
Invok: Depart the Abyss  |       |     1 ||     1
Evoke: Wand              |     8 |       ||     8
  Use: Scroll            |     5 |     8 ||    13
  Eat: Chunk             |       |     4 ||     4
Armor: Scale mail        |       |    59 ||    59
       Leather armour    |       |    11 ||    11
Dodge: Dodged            |     2 |    48 ||    50

Table legend:
 A = Non-vault XP
 B = Vault XP
 C = Vault XP percentage of total XP
 D = Non-vault monster count
 E = Vault monster count
 F = Vault count percentage of total count
                 A         B        C        D         E       F
            +---------+---------+-------+---------+---------+-------
      Total |     520 |       0 |   0.0 |      44 |       0 |   0.0
            +---------+---------+-------+---------+---------+-------
        D:1 |      21 |       0 |   0.0 |      15 |       0 |   0.0
        D:2 |      45 |       0 |   0.0 |      14 |       0 |   0.0
        D:3 |      55 |       0 |   0.0 |      14 |       0 |   0.0
    Abyss:4 |     399 |       0 |   0.0 |       1 |       0 |   0.0
            +---------+---------+-------+---------+---------+-------
